AoeStats
← TAG_Sitaux

African Clearing

511595446Analyzed
2v2 RM · 14d ago on Oct 5, 2026· 55m 2s· 4 players
Game mode
Random Map
Map size
Medium (4 player)
Population
200
Speed
Normal
Resources
Standard
Victory
Conquest
Starting age
Dark Age
Ending age
Imperial Age
RankedLock teamsTeams togetherTeam positionsShared explorationLock speedFull tech treeHidden civsTurbo modeCheats
Victory
Defeat
🇫🇷 Varangians · France
1989
+8
🇨🇭 Chinese · Switzerland
1586
+22
vs
🇩🇪 Franks · Germany
1783
-16
🇩🇪 Varangians · Germany
1745
-14
WARChris
5:59 Loom
12:41 Feudal Age
17:23 Castle Age
16:01 Bloodlines
15:57 Scale Barding Armor
15:45 Double-Bit Axe
17:16 Forging
17:41 Gold Mining
18:57 Husbandry
24:55 Chain Barding Armor
29:21 Horse Collar
31:18 Forging
38:30 Wheelbarrow
37:43 Town Watch
38:51 Padded Archer Armor
38:41 Fletching
38:44 Elite Skirmisher
40:03 Leather Archer Armor
40:25 Bodkin Arrow
42:44 Ballistics
48:34 Imperial Age
47:49 Hand Cart
48:38 Cavalier
49:52 Ring Archer Armor
50:35 Bracer
52:00 Plate Barding Armor
53:23 Bow Saw
55:10 Iron Casting
Tigry
8:54 Loom
11:14 Feudal Age
12:44 Double-Bit Axe
18:27 Forging
25:45 Scale Barding Armor
34:53 Castle Age
37:03 Wheelbarrow
37:22 Gold Mining
37:23 Stone Mining
37:53 Bow Saw
38:42 Fletching
39:14 Padded Archer Armor
39:13 Elite Skirmisher
42:17 Bodkin Arrow
46:40 Hand Cart
TAG_Sitaux
13:15 Feudal Age
12:54 Loom
17:00 Castle Age
15:14 Double-Bit Axe
24:20 Fletching
25:13 Husbandry
25:09 Horse Collar
25:35 Fishing Lines
26:23 Bloodlines
25:59 Town Watch
27:55 Ballistics
28:18 Padded Archer Armor
28:18 Gold Mining
28:56 Heavy Plow
29:10 Bow Saw
30:12 Wheelbarrow
29:33 Bodkin Arrow
29:44 Padded Archer Armor
31:31 Gillnets
33:23 Leather Archer Armor
43:21 Imperial Age
44:14 Bracer
44:07 Cranequins
46:32 Chemistry
45:50 Heavy Mounted Crossbowman
47:46 Ring Archer Armor
48:31 Two-Man Saw
48:01 Crop Rotation
47:53 Hand Cart
48:19 Conscription
49:46 Coinage
49:31 Cavalier
50:17 Scale Barding Armor
51:29 Chain Barding Armor
50:52 Vendel Legacy
52:22 Forging
53:44 Plate Barding Armor
54:58 Iron Casting
Smiley
2:50 Loom
10:50 Feudal Age
11:36 Double-Bit Axe
13:14 Horse Collar
16:50 Scale Barding Armor
17:00 Forging
19:05 Scale Barding Armor
25:36 Castle Age
24:12 Fletching
48:23 Wheelbarrow
50:08 Town Watch
51:36 Squires
51:22 Arson
52:11 Bodkin Arrow
52:40 Gold Mining
55:25 Stone Mining
Connection lost

Rejoining the realm…

Still unreachable

The connection could not be restored.

Session expired

The server has moved on; the page needs a fresh start.